TOP OF THE 1ST |
Detroit X-Wings batting - Pitching for Otsego Bulldogs : LHP Cecil Bonekamp
|
Pitching: LHP Cecil Bonekamp
|
|
Batting: RHB Gary Witt
|
0-0: Ball 1-0: Ball 2-0: Foul Ball, location: 2F 2-1: Ball 3-1: Base on Balls
|
Batting: RHB Enrique Ramírez
|
0-0: Foul Ball, location: 2F 0-1: Called Strike 0-2: Strikes out looking
|
Batting: LHB Juan Jose Pineda
|
0-0: Ball 1-0: Fly out, F5 (Popup, 56S)
|
Batting: SHB Jaime Montés
|
0-0: Called Strike 0-1: Called Strike 0-2: Foul Ball, location: 2F 0-2: Ground out 1-3 (Groundball, 15)
|
Top of the 1st over - 0 run(s), 0 hit(s), 0 error(s), 1 left on base; Detroit 0 - Otsego 0 |
BOTTOM OF THE 1ST |
Otsego Bulldogs batting - Pitching for Detroit X-Wings : RHP Carlos Díaz
|
Pitching: RHP Carlos Díaz
|
|
Batting: LHB Gino Canio
|
0-0: Ball 1-0: Ball 2-0: Ball 3-0: Called Strike 3-1: Foul Ball, location: 2F 3-2: Base on Balls
|
Batting: RHB Juan Pérez
|
0-0: Called Strike 0-1: Foul Ball, location: 2F 0-2: Ball Gino Canio steals 2nd base 1-2: Strikes out swinging
|
Batting: RHB Luis Moya
|
0-0: Called Strike Gino Canio steals 3rd base 0-1: DOUBLE (Flyball, 7LD) Gino Canio scores
|
Batting: LHB José Costa
|
0-0: SINGLE (Line Drive, 8LS) Luis Moya to third
|
Batting: RHB Jesús Tisnado
|
0-0: Ball José Costa steals 2nd base 1-0: Ground out 6-3 (Groundball, 6) Luis Moya scores José Costa to third
|
Batting: RHB Taro Kino
|
0-0: Called Strike 0-1: Ball 1-1: Swinging Strike 1-2: Ball 2-2: 2-RUN HOME RUN (Flyball, 9LD), Distance : 344 ft
|
Batting: RHB Raúl Bauza
|
0-0: Foul Ball, location: 2F 0-1: Called Strike 0-2: Ball 1-2: Ball 2-2: DOUBLE (Line Drive, 89D)
|
Batting: RHB Ryosei Yamamoto
|
0-0: Called Strike 0-1: Ball 1-1: Called Strike 1-2: Fly out, F8 (Flyball, 8RM)
|
Bottom of the 1st over - 4 run(s), 4 hit(s), 0 error(s), 1 left on base; Detroit 0 - Otsego 4 |
TOP OF THE 2ND |
Detroit X-Wings batting - Pitching for Otsego Bulldogs : LHP Cecil Bonekamp
|
Batting: SHB Felipe Detorres
|
0-0: Ball 1-0: Called Strike 1-1: Called Strike 1-2: Strikes out swinging
|
Batting: RHB Raúl Canó
|
0-0: Ball 1-0: Fly out, F9 (Flyball, 9LD)
|
Batting: RHB Diego Ocampo
|
0-0: Called Strike 0-1: Swinging Strike 0-2: Ball 1-2: Foul Ball, location: 2F 1-2: Foul Ball, location: 2F 1-2: Ball 2-2: Foul Ball, location: 2F 2-2: Foul Ball, location: 2F 2-2: Ball 3-2: Foul Ball, location: 2F 3-2: Foul Ball, location: 2F 3-2: Ground out 6-3 (Groundball, 6)
|
Top of the 2nd over - 0 run(s), 0 hit(s), 0 error(s), 0 left on base; Detroit 0 - Otsego 4 |
BOTTOM OF THE 2ND |
Otsego Bulldogs batting - Pitching for Detroit X-Wings : RHP Carlos Díaz
|
Batting: RHB Kyung-bok Cho
|
0-0: Ball 1-0: Ground out 1-3 (Groundball, 13S)
|
Batting: LHB Gino Canio
|
0-0: Ground out U3 (Groundball, 3)
|
Batting: RHB Juan Pérez
|
0-0: Foul Ball, location: 2F 0-1: Ball 1-1: SINGLE (Groundball, 56D)
|
Batting: RHB Luis Moya
|
0-0: Swinging Strike 0-1: Ball 1-1: Ball 2-1: Foul Ball, location: 2F 2-2: Ball 3-2: 2-RUN HOME RUN (Flyball, 89XD), Distance : 394 ft
|
Batting: LHB José Costa
|
0-0: Ground out 6-3 (Groundball, 6)
|
Bottom of the 2nd over - 2 run(s), 2 hit(s), 0 error(s), 0 left on base; Detroit 0 - Otsego 6 |
TOP OF THE 3RD |
Detroit X-Wings batting - Pitching for Otsego Bulldogs : LHP Cecil Bonekamp
|
Batting: RHB Rick Anderson
|
0-0: Ball 1-0: Fly out, F4 (Popup, 3F)
|
Batting: LHB Gonzalo Trujillo
|
0-0: Swinging Strike 0-1: Ball 1-1: Foul Ball, location: 2F 1-2: Foul Ball, location: 2F 1-2: Ball 2-2: SINGLE (Groundball, 4MD)
|
Batting: RHB Gary Witt
|
0-0: Ball 1-0: Ball 2-0: Ball 3-0: Base on Balls Gonzalo Trujillo to second
|
Batting: RHB Enrique Ramírez
|
0-0: Ball 1-0: Fielders Choice at 2nd, 5-4 (Groundball, 56) Gonzalo Trujillo to third
|
Batting: LHB Juan Jose Pineda
|
0-0: Called Strike 0-1: Ball 1-1: Swinging Strike 1-2: Strikes out swinging
|
Top of the 3rd over - 0 run(s), 1 hit(s), 0 error(s), 2 left on base; Detroit 0 - Otsego 6 |
BOTTOM OF THE 3RD |
Otsego Bulldogs batting - Pitching for Detroit X-Wings : RHP Carlos Díaz
|
Batting: RHB Jesús Tisnado
|
0-0: Swinging Strike 0-1: Ground out 4-3 (Groundball, 4MS)
|
Batting: RHB Taro Kino
|
0-0: Called Strike 0-1: Swinging Strike 0-2: Ball 1-2: Foul Ball, location: 2F 1-2: Ball 2-2: Ball 3-2: Foul Ball, location: 2F 3-2: Base on Balls
|
Batting: RHB Raúl Bauza
|
0-0: Ball Wild Pitch! Taro Kino to second 1-0: Ball 2-0: Ball 3-0: Called Strike 3-1: Called Strike 3-2: Foul Ball, location: 2F 3-2: Foul Ball, location: 2F 3-2: 2-RUN HOME RUN (Line Drive, 7D), Distance : 383 ft
|
Batting: RHB Ryosei Yamamoto
|
0-0: SINGLE (Line Drive, 89S)
|
Batting: RHB Kyung-bok Cho
|
0-0: Foul Ball, location: 2F 0-1: Foul Ball, location: 2F 0-2: Strikes out swinging
|
Batting: LHB Gino Canio
|
0-0: Ball 1-0: Called Strike 1-1: Ball Ryosei Yamamoto is caught stealing 2nd base
|
Bottom of the 3rd over - 2 run(s), 2 hit(s), 0 error(s), 0 left on base; Detroit 0 - Otsego 8 |
TOP OF THE 4TH |
Detroit X-Wings batting - Pitching for Otsego Bulldogs : LHP Cecil Bonekamp
|
Batting: SHB Jaime Montés
|
0-0: Swinging Strike 0-1: Swinging Strike 0-2: Strikes out looking
|
Batting: SHB Felipe Detorres
|
0-0: Ball 1-0: Swinging Strike 1-1: Swinging Strike 1-2: Ball 2-2: Foul Ball, location: 2F 2-2: Strikes out looking
|
Batting: RHB Raúl Canó
|
0-0: Ball 1-0: Fly out, F3 (Popup, 3SF)
|
Top of the 4th over - 0 run(s), 0 hit(s), 0 error(s), 0 left on base; Detroit 0 - Otsego 8 |
BOTTOM OF THE 4TH |
Otsego Bulldogs batting - Pitching for Detroit X-Wings : RHP Carlos Díaz
|
Pitching: RHP Jorge Blanco
|
|
Batting: LHB Gino Canio
|
0-0: Called Strike 0-1: Foul Ball, location: 2F 0-2: Ball 1-2: Ball 2-2: Ground out 6-3 (Groundball, 6)
|
Batting: RHB Juan Pérez
|
0-0: Called Strike 0-1: Ball 1-1: Ball 2-1: Ball 3-1: Base on Balls
|
Batting: RHB Luis Moya
|
0-0: Ball 1-0: Called Strike 1-1: Called Strike 1-2: Fly out, F9 (Flyball, 89S)
|
Batting: LHB José Costa
|
0-0: Called Strike 0-1: Called Strike 0-2: Ball 1-2: Foul Ball, location: 2F 1-2: SINGLE (Line Drive, 7S) Juan Pérez to second
|
Batting: RHB Jesús Tisnado
|
0-0: Foul Ball, location: 2F 0-1: SINGLE (Groundball, 34D) Juan Pérez to third José Costa to second Runner from 3rd tries for Home, SAFE, throw made at trailing runner, SAFE at third!
|
Batting: RHB Taro Kino
|
0-0: Called Strike 0-1: Foul Ball, location: 2F 0-2: Ball 1-2: Ground out 4-3 (Groundball, 4)
|
Bottom of the 4th over - 1 run(s), 2 hit(s), 0 error(s), 2 left on base; Detroit 0 - Otsego 9 |
TOP OF THE 5TH |
Detroit X-Wings batting - Pitching for Otsego Bulldogs : LHP Cecil Bonekamp
|
Batting: RHB Diego Ocampo
|
0-0: Foul Ball, location: 2F 0-1: SINGLE (Groundball, 56D)
|
Batting: RHB Rick Anderson
|
0-0: Ball 1-0: Foul Ball, location: 2F 1-1: Fly out, F8 (Line Drive, 8LM)
|
Batting: LHB Gonzalo Trujillo
|
0-0: Grounds into double play, 4-6-3 (Groundball, 4)
|
Top of the 5th over - 0 run(s), 1 hit(s), 0 error(s), 0 left on base; Detroit 0 - Otsego 9 |
BOTTOM OF THE 5TH |
Otsego Bulldogs batting - Pitching for Detroit X-Wings : RHP Jorge Blanco
|
Batting: RHB Raúl Bauza
|
0-0: Called Strike 0-1: SINGLE (Groundball, 56)
|
Batting: RHB Ryosei Yamamoto
|
0-0: Swinging Strike 0-1: Swinging Strike 0-2: Strikes out swinging
|
Batting: RHB Kyung-bok Cho
|
0-0: Ball 1-0: Ball 2-0: Ball 3-0: Base on Balls Raúl Bauza to second
|
Batting: LHB Gino Canio
|
0-0: Ball 1-0: Ball 2-0: Fielders Choice at 2nd, 2-6 (Groundball, 2L) Raúl Bauza to third
|
Batting: RHB Juan Pérez
|
0-0: Foul Ball, location: 2F 0-1: Ball 1-1: Called Strike 1-2: Strikes out swinging
|
Bottom of the 5th over - 0 run(s), 1 hit(s), 0 error(s), 2 left on base; Detroit 0 - Otsego 9 |
TOP OF THE 6TH |
Detroit X-Wings batting - Pitching for Otsego Bulldogs : LHP Cecil Bonekamp
|
Batting: RHB Gary Witt
|
0-0: Ball 1-0: Ground out 5-3 (Groundball, 56)
|
Batting: RHB Enrique Ramírez
|
0-0: Ball 1-0: Foul Ball, location: 2F 1-1: SINGLE (Groundball, 5D)
|
Batting: LHB Juan Jose Pineda
|
0-0: Called Strike 0-1: Swinging Strike 0-2: Ball 1-2: Strikes out swinging
|
Batting: SHB Jaime Montés
|
0-0: Foul Ball, location: 2F 0-1: Ball 1-1: Ball 2-1: Ball 3-1: Ground out 5-3 (Groundball, 56S)
|
Top of the 6th over - 0 run(s), 1 hit(s), 0 error(s), 1 left on base; Detroit 0 - Otsego 9 |
BOTTOM OF THE 6TH |
Otsego Bulldogs batting - Pitching for Detroit X-Wings : RHP Jorge Blanco
|
Pitching: RHP Walt Burton
|
|
Batting: RHB Luis Moya
|
0-0: Called Strike 0-1: Ball 1-1: DOUBLE (Line Drive, 5L)
|
Batting: LHB José Costa
|
0-0: Ball 1-0: Ball 2-0: Ball 3-0: Base on Balls
|
Batting: RHB Jesús Tisnado
|
0-0: Called Strike 0-1: Called Strike 0-2: Foul Ball, location: 2F 0-2: Ball 1-2: Foul Ball, location: 2F 1-2: Foul Ball, location: 2F 1-2: Grounds into double play, 6-4-3 (Groundball, 6M) Luis Moya to third
|
Batting: RHB Taro Kino
|
0-0: Called Strike 0-1: Foul Ball, location: 2F 0-2: Foul Ball, location: 2F 0-2: Strikes out looking
|
Bottom of the 6th over - 0 run(s), 1 hit(s), 0 error(s), 1 left on base; Detroit 0 - Otsego 9 |
TOP OF THE 7TH |
Detroit X-Wings batting - Pitching for Otsego Bulldogs : LHP Cecil Bonekamp
|
Batting: SHB Felipe Detorres
|
0-0: SINGLE (Groundball, 56D)
|
Batting: RHB Raúl Canó
|
0-0: DOUBLE (Line Drive, 5D) Felipe Detorres to third Runner from 3rd tries for Home, SAFE, throw made at trailing runner, SAFE at third!
|
Batting: RHB Diego Ocampo
|
0-0: Foul Ball, location: 2F 0-1: Fly out, F9 (Flyball, 8RM) Runner from 3rd tags up, SCORES, no throw
|
Pitching: LHP Esteban Santos
|
|
Batting: RHB Rick Anderson
|
0-0: Called Strike 0-1: Ball 1-1: Ball 2-1: Fly out, F8 (Flyball, 8RD)
|
Batting: LHB Gonzalo Trujillo
|
0-0: Foul Ball, location: 2F 0-1: Ball 1-1: Ground out 4-3 (Groundball, 4M)
|
Top of the 7th over - 2 run(s), 2 hit(s), 0 error(s), 0 left on base; Detroit 2 - Otsego 9 |
BOTTOM OF THE 7TH |
Otsego Bulldogs batting - Pitching for Detroit X-Wings : RHP Walt Burton
|
Batting: RHB Raúl Bauza
|
0-0: Called Strike 0-1: Foul Ball, location: 2F 0-2: Ball 1-2: Ball 2-2: Fly out, F6 (Popup, 6MD)
|
Batting: RHB Ryosei Yamamoto
|
0-0: Called Strike 0-1: Fly out, F7 (Flyball, 78M)
|
Batting: RHB Kyung-bok Cho
|
0-0: Ball 1-0: Foul Ball, location: 2F 1-1: Foul Ball, location: 2F 1-2: Strikes out swinging
|
Bottom of the 7th over - 0 run(s), 0 hit(s), 0 error(s), 0 left on base; Detroit 2 - Otsego 9 |
TOP OF THE 8TH |
Detroit X-Wings batting - Pitching for Otsego Bulldogs : LHP Esteban Santos
|
Batting: RHB Gary Witt
|
0-0: Ball 1-0: Foul Ball, location: 2F 1-1: Ball 2-1: SINGLE (Line Drive, 89S)
|
Pinch Hitting: RHB Marcos Valdés
|
0-0: Called Strike 0-1: Foul Ball, location: 2F 0-2: Ball 1-2: Foul Ball, location: 2F 1-2: Fly out, F8 (Flyball, 8LM)
|
Batting: LHB Juan Jose Pineda
|
0-0: Foul Ball, location: 2F 0-1: Fly out, F7 (Flyball, 7D)
|
Batting: SHB Jaime Montés
|
0-0: Ball 1-0: Called Strike 1-1: Swinging Strike 1-2: Strikes out swinging
|
Top of the 8th over - 0 run(s), 1 hit(s), 0 error(s), 1 left on base; Detroit 2 - Otsego 9 |
BOTTOM OF THE 8TH |
Otsego Bulldogs batting - Pitching for Detroit X-Wings : RHP Walt Burton
|
Pitching: RHP Dave Heath
|
|
Now at 1B: Marcos Valdés
|
|
Batting: LHB Gino Canio
|
0-0: Ground out 3-1 (Groundball, 3)
|
Batting: RHB Juan Pérez
|
0-0: Ball 1-0: Foul Ball, location: 2F 1-1: Ball 2-1: Ground out 6-3 (Groundball, 6)
|
Batting: RHB Luis Moya
|
0-0: Called Strike 0-1: Ball 1-1: Ball 2-1: Ball 3-1: Called Strike 3-2: Ground out 1-3 (Groundball, 25)
|
Bottom of the 8th over - 0 run(s), 0 hit(s), 0 error(s), 0 left on base; Detroit 2 - Otsego 9 |
TOP OF THE 9TH |
Detroit X-Wings batting - Pitching for Otsego Bulldogs : LHP Esteban Santos
|
Now at 1B: José Ortíz
|
|
Batting: SHB Felipe Detorres
|
0-0: Called Strike 0-1: Ball 1-1: Fly out, F4 (Popup, 4D)
|
Batting: RHB Raúl Canó
|
0-0: Ball 1-0: Foul Ball, location: 2F 1-1: Ball 2-1: Swinging Strike 2-2: Foul Ball, location: 2F 2-2: Ball 3-2: Base on Balls
|
Batting: RHB Diego Ocampo
|
0-0: Ball 1-0: Ball 2-0: Swinging Strike 2-1: Swinging Strike 2-2: Ball 3-2: Strikes out swinging
|
Batting: RHB Rick Anderson
|
0-0: Ball 1-0: Foul Ball, location: 2F 1-1: Ball 2-1: Swinging Strike 2-2: Strikes out swinging
|
Top of the 9th over - 0 run(s), 0 hit(s), 0 error(s), 1 left on base; Detroit 2 - Otsego 9 |
|